[Event "58th Akiba Rubinstein B 2022"]
[Site "Polanica-Zdroj"]
[Date "2022.08.13"]
[Round "1.1"]
[White "Skiba, Jakub"]
[Black "Chmiel, Marcin"]
[Result "0-1"]
[ECO "B14"]
[WhiteElo "1711"]
[BlackElo "2192"]
[Annotator "TA"]
[PlyCount "72"]
[EventDate "2022.08.13"]
[EventCountry "POL"]
[SourceTitle "playchess.com"]
[Source "ChessBase"]
[SourceQuality "1"]
[TimeControl "40/5400+30:1800+30"]

1. e4 c6 2. d4 d5 3. exd5 cxd5 4. c4 Nf6 5. Nc3 g6 6. Bg5 Bg7 7. Bxf6 {[%emt 0:07:54] The main line 7.Bxf6 scores better than 7.Nf3.} Bxf6 8. cxd5 {[%emt 0:00:16] B14: Caro-Kann: Panov-Botvinnik Attack with 5...e6 and 5...g6.} O-O 9. Nge2 e6 {[%emt 0:03:42] [#]} 10. Qb3 $146 {[%emt 0:05:14] The position is equal.} ({Predecessor:} 10. dxe6 Bxe6 11. d5 Bd7 12. Ng3 Qb6 13. Qd2 Bd4 14. Bc4 Re8+ 15. Kf1 Na6 16. Rd1 {½-½ (41) Dubov,D (2618)-Fressinet,L (2709) Yerevan 2014}) 10... exd5 {[%emt 0:04:12] White must now prevent ...Nc6.} 11. Nxd5 (11. g3 $1 $11) 11... Nc6 {[%emt 0:05:55][%cal Bb8c6,Bc6e5,Be5g4,Bg4e3,Be3g2][%mdl 32] Threatens to win with ...Qa5+.} 12. Nxf6+ Qxf6 13. d5 $1 Ne5 {[%emt 0:07:33][%mdl 1024] And now ...Re8 would win. Black has compensation.} 14. Ng3 $2 {[%emt 0:03:14] [#] Now White is beyond hope.} (14. f4 $15 Nd7 15. Qc3) 14... Ng4 $1 $19 15. f3 Re8+ 16. Be2 {[%emt 0:00:56] [#]} Ne3 {[%emt 0:01:27] aiming for ...Bf5.} 17. Rc1 $2 (17. Qc3 Qf4 18. Kf2) 17... Nxg2+ 18. Kf2 Nf4 {[%emt 0:01:49] Strongly threatening ...Qd4+.} 19. Rcd1 {[%emt 0:06:14] Prevents Qd4+.} Qh4 20. Bc4 (20. Bb5 Re5 21. Qc3 Rxd5 22. Rxd5 Nxd5 23. Qe5) 20... Bf5 {[%emt 0:03:12] ...Rac8 is the strong threat.} 21. d6 Be6 22. Bxe6 Rxe6 23. Rd2 {[%emt 0:00:51] Inhibits Re2+.} Rae8 24. d7 (24. Qd1 $19 Re2+ 25. Rxe2 Rxe2+ 26. Qxe2 Nxe2 27. Kxe2) 24... Re2+ 25. Rxe2 Rxe2+ 26. Kg1 Re1+ 27. Kf2 Rxh1 28. d8=Q+ Qxd8 29. Nxh1 {[%emt 0:00:10][%mdl 4096] Endgame KQN-KQN} Qd2+ 30. Kg3 g5 31. Kg4 Qxh2 {[%emt 0:00:54] ( -> ...Nh5)} 32. Qxb7 Qh3+ {[%emt 0:03:33] Black mates.} 33. Kxg5 Ne6+ 34. Kf6 Qh4+ 35. Ke5 Qf4+ 36. Kd5 Qxf3+ {[%emt 0:00:07] Weighted Error Value: White=1.18/Black=0.43} 0-1

[Event "58th Akiba Rubinstein B 2022"]
[Site "Polanica-Zdroj"]
[Date "2022.08.13"]
[Round "1.2"]
[White "Zerebiec, Maurycy"]
[Black "Wesolek, Krzysztof"]
[Result "1-0"]
[ECO "A18"]
[WhiteElo "1915"]
[BlackElo "1747"]
[Annotator "TA"]
[PlyCount "95"]
[EventDate "2022.08.13"]
[EventCountry "POL"]
[SourceTitle "playchess.com"]
[Source "ChessBase"]
[SourceQuality "1"]
[TimeControl "40/5400+30:1800+30"]

1. c4 {[%emt 0:00:09] Finkel,A} Nf6 2. Nc3 e6 3. e4 d5 4. cxd5 exd5 5. e5 Nfd7 6. d4 Nb6 7. f4 {[%emt 0:00:37] A18: English Opening: Flohr-Mikenas System (1 c4 Nf6 2 Nc3 e6 3 e4).} c5 8. Nf3 Nc6 9. Be3 {[%emt 0:00:55] White is slightly better.} cxd4 10. Nxd4 {[%emt 0:00:18] [#]} Bb4 $146 ({Predecessor:} 10... Nc4 11. Nxc6 bxc6 12. Bxc4 dxc4 13. Qa4 Rb8 14. Qxc6+ Bd7 15. Qxc4 Rc8 {½-½ (39) Lautier,J (2632)-Nikolic,P (2659) Monte Carlo 2000 CBM 076 [Finkel,A]}) 11. Bd3 O-O 12. O-O Qe7 (12... Bc5 $11) 13. Nf3 {[%emt 0:05:59] White is much more active. The black rooks are badly placed.} ({Resist} 13. Qh5 g6 14. Qf3 Be6 $16) (13. Qc2 $142) 13... Bc5 14. Bxc5 Qxc5+ 15. Kh1 {[%emt 0:00:04][%cal Od3h7] Strongly threatening Bxh7+!} f5 (15... Qe7 $16) 16. exf6 $18 Rxf6 {[%emt 0:00:09] [#]} 17. Ng5 $1 $36 {[%emt 0:06:44][%mdl 2048] White is on the roll.} h6 (17... Bf5 $2 18. Bxf5 Rxf5 19. Qh5 Rxg5 20. fxg5 $18) 18. Qh5 {[%emt 0:00:38][%cal Og5e4] aiming for Nge4!} Bd7 $2 {[%emt 0:05:57] [#] A mistake that costs the game.} (18... Qf8 $16) 19. Nge4 $1 Qf8 (19... dxe4 20. Qxc5) 20. Nxf6+ Qxf6 21. Nxd5 Nxd5 22. Qxd5+ Be6 23. Qe4 Rd8 24. Rae1 Bxa2 25. Bc4+ Bxc4 26. Qxc4+ Kh8 27. Re6 Qxb2 (27... Qd4 28. Qe2 Qd3) 28. Rfe1 {[%emt 0:00:13] Black must now prevent Re8+.} Rf8 29. Re8 Qf6 30. Qc5 Kg8 31. Qd5+ Kh7 (31... Qf7 $142 32. R1e6 h5) 32. Rxf8 Qxf8 {[%emt 0:00:02][%mdl 4096] Endgame KQR-KQN} 33. f5 (33. Qd3+ $142 g6 34. Re6) 33... a5 (33... Qf6 {keeps fighting.} 34. h3 Qg5) 34. Qd7 Qb4 $2 (34... a4 35. Qxb7 Qf6) 35. Qe6 {[%emt 0:01:02] Threatening mate with Qg6+. White is clearly winning.} Qg4 {[%emt 0:00:33] Prevents Qg6+.} 36. f6 Qxe6 37. Rxe6 gxf6 38. Rxf6 {[%emt 0:00:01] KR-KN} Kg7 39. Rd6 Kf8 40. Rxh6 a4 41. g4 Kg7 42. g5 Na5 43. Rb6 a3 44. Rb4 b6 45. Ra4 Kg6 46. h4 b5 47. Rxa5 b4 48. Ra4 {[%emt 0:00:02] Weighted Error Value: White=0.31/Black=0.54} 1-0

[Event "58th Akiba Rubinstein B 2022"]
[Site "Polanica-Zdroj"]
[Date "2022.08.13"]
[Round "1.3"]
[White "Zeissel, Andrzej"]
[Black "Mielczarek, Daniel"]
[Result "0-1"]
[ECO "C10"]
[WhiteElo "1624"]
[BlackElo "1912"]
[Annotator "TA"]
[PlyCount "50"]
[EventDate "2022.08.13"]
[EventCountry "POL"]
[SourceTitle "playchess.com"]
[Source "ChessBase"]
[SourceQuality "1"]
[TimeControl "40/5400+30:1800+30"]

1. e4 e6 2. Nc3 d5 3. d4 dxe4 4. Nxe4 Nd7 5. Bd3 Ngf6 6. Nxf6+ Nxf6 7. c3 c5 8. Nf3 cxd4 9. Nxd4 Bc5 10. O-O Bxd4 {[%emt 0:04:52] C10: French with 3 Nc3: Unusual Black 3rd moves and 3...dxe4.} 11. cxd4 Bd7 12. Bg5 Bc6 {[%emt 0:02:50] The position is equal.} 13. Bxf6 Qxf6 {[%emt 0:02:44] [#]} 14. Re1 $146 (14. d5 $11 Bxd5 15. Qa4+ Bc6 16. Bb5) ({Predecessor:} 14. Be2 Rd8 15. Bf3 Bxf3 16. Qxf3 Qxf3 17. gxf3 Rxd4 18. Rfd1 Rd2 19. Rxd2 {1-0 (19) Gallegos,C (2452)-Bareev,E (2711) Playchess.com INT 2004}) 14... Rd8 $17 ({Much weaker is} 14... Qxd4 {[#]} 15. Rxe6+ $1 Kf8 16. Re3 $11) 15. Qd2 (15. Be4 $142) 15... Qxd4 $40 {[%emt 0:09:28][%mdl 128] Black is out for blood.} 16. Rad1 Qd5 17. f4 g6 18. Qf2 Qa5 (18... Qxa2 $19 {And now ...0-0 would win.} 19. Be4 Rxd1 20. Bxc6+ bxc6 21. Rxd1 O-O) 19. f5 (19. a3 $17 {keeps fighting.}) 19... gxf5 $19 20. Qh4 (20. Bf1 $142) 20... Qc5+ 21. Kh1 $2 {[%emt 0:00:19] [#]} (21. Qf2 Qxf2+ 22. Kxf2) 21... Rxd3 $1 22. Rxd3 {[%emt 0:02:11][%csl Gd3][%cal Rh4d8] [#]} Bxg2+ $1 23. Kxg2 Qc2+ 24. Kh1 Qxd3 25. Qa4+ b5 {[%emt 0:02:04] White did not feel at home in the position after the opening.  Weighted Error Value: White=0.47/Black=0.10 (very precise)} 0-1

[Event "58th Akiba Rubinstein B 2022"]
[Site "Polanica-Zdroj"]
[Date "2022.08.13"]
[Round "1.4"]
[White "Lewandrowski, Tomasz"]
[Black "Smukowski, Bartosz"]
[Result "0-1"]
[ECO "A45"]
[WhiteElo "1902"]
[BlackElo "1696"]
[Annotator "TA"]
[PlyCount "94"]
[EventDate "2022.08.13"]
[EventCountry "POL"]
[SourceTitle "playchess.com"]
[Source "ChessBase"]
[SourceQuality "1"]
[TimeControl "40/5400+30:1800+30"]

1. d4 Nf6 2. Nc3 d5 3. Bf4 Bf5 4. e3 e6 5. f3 h5 6. Bd3 {[%emt 0:00:54] D00: 1 d4 d5: Unusual lines.} Bd6 (6... Bxd3 $11 7. Qxd3 Bd6) 7. Nge2 (7. Bxd6 $1 $14 Qxd6 8. e4 dxe4 9. fxe4) 7... Bxd3 $11 8. Qxd3 {[%emt 0:00:27] [#] The position is equal.} a6 $146 ({Predecessor:} 8... O-O 9. O-O c5 10. Rad1 Nc6 11. Kh1 Rc8 12. dxc5 Bxc5 13. Bg5 Be7 14. Qd2 Ne5 {½-½ (53) Bettalli,F (2323)-Maung,M (2121) Chess.com INT 2022}) 9. Bg5 c5 10. e4 cxd4 11. Nxd4 dxe4 12. fxe4 ({White should try} 12. Nxe4 Be7 13. O-O-O) 12... Be5 13. O-O-O ({Better is} 13. Nf3 $1 $11 Bxc3+ 14. Qxc3) 13... Qxd4 ({Black should play} 13... Qc7 $1 $15) 14. Qxd4 Bxd4 15. Rxd4 Nc6 16. Bxf6 (16. Rd2 $11) 16... gxf6 $15 17. Rd2 Rd8 18. Rhd1 Ke7 19. Na4 Rxd2 20. Rxd2 $11 {[%emt 0:00:02][%mdl 4096] Endgame KRN-KRN} Nb8 21. Rd3 Nd7 22. Rc3 $2 {[%emt 0:03:18][%mdl 8192] [#]} (22. Rh3 $11 {and White is okay.}) 22... b5 $1 $19 23. Nc5 Nxc5 (23... b4 $19 24. Rc4 Rc8 25. Rxb4 Rxc5) 24. Rxc5 {[%emt 0:00:01] KR-KR} Kd6 {[%emt 0:00:14] Prevents Rc7.} 25. b4 Rg8 26. Rxh5 Rxg2 27. Rh7 Ke5 {[%emt 0:00:42] Black is more active.} (27... Ke7 $5 28. Rh4 Re2 $17) 28. h4 $2 {[%emt 0:00:57][%mdl 8192] White is now going downhill.} (28. Rxf7 $15 Rxh2 29. Ra7) 28... Kxe4 29. Rxf7 f5 30. Ra7 (30. h5 $142 Rh2 31. Rf6) 30... f4 31. Rxa6 e5 {[%emt 0:00:06][%cal Be6e5,Be5e4][%mdl 32] ...f3 is the strong threat.} 32. Kd1 Rh2 {[%emt 0:00:34] [#] Hoping for ...f3.} 33. a4 Ke3 34. c4 bxc4 35. b5 Rxh4 (35... f3 $142 36. Rf6 f2 37. h5 Rh4 38. Rxf2 Kxf2 39. Kc2 e4 40. b6 Rxh5 41. b7 Rh8 42. a5 e3 43. a6 e2 44. a7 e1=Q 45. b8=Q Qe2+ 46. Kc3 Qd3+ 47. Kb4 Qb1+ 48. Kc3 Rh3+ 49. Kd4 Rh4+ 50. Kc3 Rh3+ 51. Kd4 Rh4+ 52. Kc3 Rh3+) 36. Re6 e4 37. b6 Kd3 38. Rd6+ Kc3 {[%emt 0:00:09] ( -> ...f3)} 39. Re6 f3 {[%emt 0:01:48][%cal Rh4h1] Black mates.} 40. Ke1 Kd3 41. b7 Rh1+ 42. Kf2 Rh2+ 43. Kg3 Rg2+ 44. Kh3 Rb2 45. Re7 f2 46. Kg2 e3 47. a5 Ke2 {[%emt 0:00:09] Weighted Error Value: White=1.19/Black=0.34} 0-1

[Event "58th Akiba Rubinstein B 2022"]
[Site "Polanica-Zdroj"]
[Date "2022.08.13"]
[Round "1.5"]
[White "Turek, Michal"]
[Black "Owoc, Jakub"]
[Result "1-0"]
[ECO "B11"]
[WhiteElo "1681"]
[BlackElo "1756"]
[Annotator "NA RC COMBH"]
[PlyCount "149"]
[EventDate "2022.08.13"]
[EventCountry "POL"]
[SourceTitle "playchess.com"]
[Source "ChessBase"]
[SourceQuality "1"]
[TimeControl "40/5400+30:1800+30"]

1. e4 c6 2. Nc3 d5 3. Nf3 Bg4 4. Be2 dxe4 5. Nxe4 Nd7 6. d4 Ngf6 7. Nxf6+ Nxf6 8. O-O e6 9. c4 Bd6 10. Be3 Qc7 11. h3 Bh5 12. Rc1 O-O 13. Qc2 Bg6 14. Bd3 Bxd3 15. Qxd3 Rfe8 16. Qc2 c5 17. Rfd1 Rad8 18. a3 a6 19. Rd2 cxd4 20. Nxd4 Bf4 21. Bxf4 Qxf4 22. Rcd1 Rc8 23. g3 Qe5 24. b4 h5 25. Qb3 Qc7 26. c5 Red8 27. Qf3 Rd5 28. Nb3 Rf5 29. Qe2 Re8 30. Rd6 e5 31. Qe3 e4 32. Nd4 Rfe5 33. Ne2 Qc8 34. Kg2 Qf5 35. Nd4 Qg6 36. c6 Nd5 37. Rxg6 Nxe3+ 38. fxe3 fxg6 39. cxb7 R5e7 40. b8=Q Rxb8 41. Nc6 Rbb7 42. Nxe7+ Rxe7 43. Rd6 Ra7 44. Re6 a5 45. Rxe4 axb4 46. axb4 Ra2+ 47. Kf3 Kf7 48. h4 Kf6 49. Rc4 Rb2 50. Rc6+ Kf5 51. e4+ Ke5 52. Rc5+ Kd6 53. Rg5 Rxb4 54. Rxg6+ Ke5 55. Rg5+ Kf6 56. Rxh5 Rb1 57. Rf5+ Ke6 58. Kg4 Re1 59. e5 Re4+ 60. Kg5 Re3 61. g4 Re1 62. Kg6 Re4 63. Rg5 Rf4 64. Kxg7 Rf7+ 65. Kg8 Ra7 66. h5 Ra8+ 67. Kh7 Ra7+ 68. Rg7 Ra8 69. g5 Kxe5 70. g6 Ke6 71. Rb7 Kf6 72. g7 Ra5 73. Rb6+ Ke7 74. g8=Q Rxh5+ 75. Kg6 1-0

[Event "58th Akiba Rubinstein B 2022"]
[Site "Polanica-Zdroj"]
[Date "2022.08.13"]
[Round "1.6"]
[White "Twardowski, Hubert"]
[Black "Bartlomowicz, Jakub"]
[Result "1-0"]
[ECO "C48"]
[WhiteElo "1849"]
[BlackElo "1922"]
[Annotator "TA"]
[PlyCount "61"]
[EventDate "2022.08.13"]
[EventCountry "POL"]
[SourceTitle "playchess.com"]
[Source "ChessBase"]
[SourceQuality "1"]
[TimeControl "40/5400+30:1800+30"]

1. e4 e5 2. Nf3 Nc6 3. Nc3 Nf6 4. Bb5 Bd6 5. d3 a6 6. Ba4 {C48: Four Knights: 4 Bb5, replies other than 4...Bb4.} O-O 7. O-O h6 {7...h6 is better than 7...b5.} (7... b5 $5 8. Bb3 Na5 $11) 8. a3 {The position is equal.} Re8 (8... b5 $5 9. Bb3 Be7 $14) 9. Ne2 b5 10. Bb3 {[#]} Na5 $146 ({Predecessor:} 10... Bf8 11. Ng3 d5 12. exd5 Nxd5 13. Re1 Nf6 14. a4 Bb7 15. c3 Qd6 16. axb5 axb5 17. Rxa8 Rxa8 {1-0 (49) Nitin,S (2329)-Aleksandrov,A (2592) Mumbai 2020}) 11. Ba2 c5 12. Nh4 Bf8 13. Nf5 ({White should try} 13. Ng6 $14) 13... d5 $15 14. Neg3 dxe4 15. dxe4 Nc6 16. Ne3 c4 17. b3 cxb3 18. Bxb3 Nd4 19. Bb2 Bb7 {Inhibits Bd5.} 20. Bxd4 (20. f3 $15) 20... exd4 $17 ({Don't play} 20... Qxd4 $6 21. Qf3 $11) 21. Nef5 Nxe4 ({Not} 21... Bxe4 22. a4 $15) 22. Qd3 (22. Qf3 $17 Qc7 23. Qh5) 22... Bc5 $2 {A strong pair of Bishops.} (22... Qb6 $19 {And now ...Rad8 would win.} 23. Qxd4 Qc7) 23. Rae1 Nf6 {[%mdl 8192] [#]} (23... Qf6 $11) 24. Nxh6+ $1 $18 gxh6 (24... Kf8 25. Nxf7) 25. Qg6+ Kh8 26. Rxe8+ Nxe8 27. Qxh6+ {White mates.} Kg8 28. Qg6+ Kh8 29. Qh5+ Kg7 30. Qxf7+ Kh6 31. Nf5+ {Weighted Error Value: White=0.19 (very precise) /Black=0.68} 1-0

[Event "58th Akiba Rubinstein B 2022"]
[Site "Polanica-Zdroj"]
[Date "2022.08.13"]
[Round "1.7"]
[White "Terkiewicz, Bruno"]
[Black "Penza, Denis"]
[Result "1-0"]
[ECO "A06"]
[WhiteElo "1473"]
[BlackElo "1836"]
[Annotator "NA RC COMBH"]
[PlyCount "97"]
[EventDate "2022.08.13"]
[EventCountry "POL"]
[SourceTitle "playchess.com"]
[Source "ChessBase"]
[SourceQuality "1"]
[TimeControl "40/5400+30:1800+30"]

1. Nf3 d5 2. g3 Nf6 3. Bg2 Bf5 4. c4 c6 5. O-O e6 6. d3 h6 7. Nbd2 Be7 8. Re1 O-O 9. Qb3 Qb6 10. e4 Bh7 11. e5 Nfd7 12. d4 Na6 13. Nf1 dxc4 14. Qxc4 Nb4 15. Ne3 Nd3 16. Re2 Nxc1 17. Rxc1 Qb4 18. Qxb4 Bxb4 19. a3 Bd3 20. Bf1 Bxe2 21. Bxe2 Be7 22. Nc4 Nb6 23. Na5 Rab8 24. b4 Nd5 25. Nd2 Rfd8 26. Ndb3 Rd7 27. Kg2 Kf8 28. Kf3 Rc7 29. Ke4 f5+ 30. Kd3 g5 31. h3 Kg7 32. Bh5 Rbc8 33. Nc5 Bxc5 34. dxc5 Ne7 35. Nc4 Rd8+ 36. Nd6 Ng6 37. Re1 Rcd7 38. Kc4 Rf8 39. Bd1 f4 40. g4 f3 41. Re3 Nf4 42. Rxf3 Ng6 43. Kd4 Rf4+ 44. Rxf4 Nxf4 45. Bb3 Kf8 46. Ke4 Ke7 47. h4 Kd8 48. h5 a6 49. Bc4 1-0

[Event "58th Akiba Rubinstein B 2022"]
[Site "Polanica-Zdroj"]
[Date "2022.08.13"]
[Round "1.8"]
[White "Rogala, Milosz"]
[Black "Chybalski, Piotr"]
[Result "1-0"]
[ECO "B10"]
[WhiteElo "1837"]
[BlackElo "1665"]
[Annotator "NA RC COMBH"]
[PlyCount "57"]
[EventDate "2022.08.13"]
[EventCountry "POL"]
[SourceTitle "playchess.com"]
[Source "ChessBase"]
[SourceQuality "1"]
[TimeControl "40/5400+30:1800+30"]

1. e4 c6 2. Nf3 d5 3. d3 Bg4 4. Be2 e6 5. Nfd2 Bxe2 6. Qxe2 Nf6 7. O-O h5 8. c4 Qc7 9. cxd5 cxd5 10. e5 Ng4 11. d4 Nc6 12. Nb3 a5 13. a4 Nh6 14. Bxh6 Rxh6 15. Nc3 Qb6 16. Qb5 Ra6 17. Rfc1 Qa7 18. Qd3 Nb4 19. Qd2 Rc6 20. Qe2 Kd8 21. Qf3 f6 22. Nb5 Qb6 23. exf6 Rxf6 24. Qg3 Kd7 25. Qb8 Nd3 26. Rxc6 Qxc6 27. Nxa5 Qc2 28. Qxb7+ Ke8 29. Qc6+ 1-0

[Event "58th Akiba Rubinstein B 2022"]
[Site "Polanica-Zdroj"]
[Date "2022.08.13"]
[Round "1.9"]
[White "Krzyzosiak, Marta"]
[Black "Bednarczyk, Mateusz"]
[Result "1/2-1/2"]
[ECO "B20"]
[WhiteElo "1666"]
[BlackElo "1925"]
[Annotator "TA"]
[PlyCount "64"]
[EventDate "2022.08.13"]
[EventCountry "POL"]
[SourceTitle "playchess.com"]
[Source "ChessBase"]
[SourceQuality "1"]
[TimeControl "40/5400+30:1800+30"]

1. e4 c5 2. Ne2 Nc6 3. g3 g6 4. Bg2 Bg7 5. c3 e5 6. O-O {[%emt 0:02:52][%cal Ob2b4] B20: Sicilian: Unusual White 2nd moves.} Nf6 (6... Nge7 $11) 7. d4 $14 cxd4 8. cxd4 exd4 9. Nxd4 {[%emt 0:00:24][%cal Oe4e5] Strongly threatening e5!} O-O {[%emt 0:00:08] [#]} 10. Nb5 $146 ({Predecessor:} 10. Be3 d5 11. exd5 Nxd5 12. Nxc6 bxc6 13. Bd4 Be6 14. Bxg7 Kxg7 15. Nc3 Nxc3 16. bxc3 Bd5 {½-½ (16) Bartel,M-Szablowski,P (2066) Zamosc 1999}) 10... a6 (10... d6 $14) 11. Nd6 $16 Ne8 12. Nxc8 {[%emt 0:14:48] White is more active.} Rxc8 13. Nc3 Nc7 14. Be3 Ne6 15. Qd2 ({Better is} 15. Nd5 $16) 15... Ne5 $11 16. Rac1 Nc4 {[%emt 0:02:26] Pair of Knights!} 17. Qe2 {[%emt 0:03:00] Black must now prevent Nd5.} Nxe3 18. Qxe3 b5 19. b3 (19. Nd5 $14 Rxc1 20. Qxc1) 19... Bd4 20. Qd3 Qg5 21. h4 Qe5 22. Ne2 Rc6 23. Rxc6 (23. Nxd4 {keeps more tension.} Qxd4 24. Qxd4 Nxd4 25. Rcd1) 23... dxc6 24. Nxd4 Qxd4 25. Qxd4 Nxd4 $14 {[%emt 0:00:06][%cal Be6d4,Bd4e2,Be2c3][%mdl 4128] Endgame KRB-KRN} 26. Rd1 c5 27. f4 Ne2+ 28. Kf2 Nc3 29. Rd2 Re8 30. e5 Kg7 31. Bc6 Rc8 32. Bf3 Re8 {[%emt 0:00:16] Weighted Error Value: White=0.17 (very precise) /Black=0.15 (very precise)} (32... Rc7 $14) 1/2-1/2

[Event "58th Akiba Rubinstein B 2022"]
[Site "Polanica-Zdroj"]
[Date "2022.08.13"]
[Round "1.10"]
[White "Kowalczyk, Wojciech"]
[Black "Mencfel, Artur"]
[Result "1-0"]
[ECO "B24"]
[WhiteElo "1835"]
[BlackElo "1668"]
[Annotator "NA RC COMBH"]
[PlyCount "147"]
[EventDate "2022.08.13"]
[EventCountry "POL"]
[SourceTitle "playchess.com"]
[Source "ChessBase"]
[SourceQuality "1"]
[TimeControl "40/5400+30:1800+30"]

1. e4 c5 2. Nc3 Nc6 3. Bb5 Nd4 4. Nf3 Nxb5 5. Nxb5 d5 6. exd5 a6 7. Nc3 Nf6 8. d4 Nxd5 9. dxc5 Nxc3 10. Qxd8+ Kxd8 11. bxc3 f6 12. Rb1 e5 13. Be3 Kc7 14. O-O Be6 15. Rb4 a5 16. Rb2 Be7 17. Nd2 f5 18. f3 Rhd8 19. Rfb1 Rab8 20. Nb3 f4 21. Bf2 a4 22. Na5 Bd5 23. c6 bxc6 24. Rb7+ Rxb7 25. Rxb7+ Kd6 26. c4 Bg8 27. Rxe7 Kxe7 28. Bh4+ Kd7 29. Bxd8 Kxd8 30. Nxc6+ Kc7 31. Nxe5 Kd6 32. Nd3 a3 33. Kf2 Bxc4 34. Nc1 Kd5 35. Ke1 Kd4 36. Kd2 Bf1 37. Ne2+ Ke5 38. g3 g5 39. gxf4+ gxf4 40. c3 h5 41. Nd4 Bc4 42. Nc2 Bxa2 43. Nxa3 Bd5 44. Ke2 Bb3 45. h4 Kd5 46. Kd2 Ke5 47. Kd3 Bd5 48. Nc4+ Ke6 49. Nd2 Ke5 50. Kc2 Bb7 51. Kb3 Kd5 52. Kb4 Ba6 53. Ka5 Be2 54. Kb6 Bd1 55. Kb5 Be2+ 56. Kb4 Ba6 57. Ne4 Be2 58. Ng5 Bf1 59. Nh7 Be2 60. Ng5 Bf1 61. Kb3 Bd3 62. Nh3 Ke5 63. Kb4 Be2 64. Ng1 Ba6 65. Kc5 Bb7 66. c4 Ba8 67. Kb6 Kd6 68. c5+ Kd7 69. Ne2 Bxf3 70. Nxf4 Ke7 71. c6 Bxc6 72. Kxc6 Kf6 73. Nxh5+ Kf5 74. Ng3+ 1-0

[Event "58th Akiba Rubinstein B 2022"]
[Site "Polanica-Zdroj"]
[Date "2022.08.13"]
[Round "1.11"]
[White "Rzenca, Jerzy"]
[Black "Rylski, Tadeusz"]
[Result "1-0"]
[ECO "A20"]
[WhiteElo "1668"]
[BlackElo "1794"]
[Annotator "NA RC COMBH"]
[PlyCount "87"]
[EventDate "2022.08.13"]
[EventCountry "POL"]
[SourceTitle "playchess.com"]
[Source "ChessBase"]
[SourceQuality "1"]
[TimeControl "40/5400+30:1800+30"]

1. c4 e5 2. g3 Nf6 3. Bg2 d5 4. cxd5 Nxd5 5. Nf3 Nc6 6. Nc3 Nb6 7. d3 Be7 8. O-O O-O 9. a3 Be6 10. b4 Nd5 11. Ne4 Kh8 12. Bb2 f6 13. Rc1 Qd7 14. Nc5 Bxc5 15. Rxc5 Rad8 16. Nd2 b6 17. Rc2 Nd4 18. Bxd4 exd4 19. Qc1 Nc3 20. Ne4 Bb3 21. Rb2 Nxe4 22. Bxe4 Ba4 23. Qf4 g5 24. Qf5 Qxf5 25. Bxf5 Rde8 26. Rc1 Re5 27. g4 c6 28. Be4 h5 29. h3 hxg4 30. hxg4 Rd8 31. Kg2 Kg7 32. Rbb1 Rd6 33. Rh1 Rxe4 34. dxe4 Bc2 35. Rbc1 Bxe4+ 36. f3 Bg6 37. Rhd1 Bf7 38. Rd3 Rd5 39. Rxc6 Bg6 40. Rc7+ Kf8 41. e4 Rd8 42. Rc4 Ke7 43. Rdxd4 Rxd4 44. Rxd4 1-0

[Event "58th Akiba Rubinstein B 2022"]
[Site "Polanica-Zdroj"]
[Date "2022.08.13"]
[Round "1.12"]
[White "Graff, Slawomir"]
[Black "Blasiak, Miroslaw"]
[Result "1-0"]
[ECO "D35"]
[WhiteElo "1782"]
[BlackElo "1622"]
[Annotator "NA RC COMBH"]
[PlyCount "63"]
[EventDate "2022.08.13"]
[EventCountry "POL"]
[SourceTitle "playchess.com"]
[Source "ChessBase"]
[SourceQuality "1"]
[TimeControl "40/5400+30:1800+30"]

1. d4 d5 2. c4 e6 3. cxd5 exd5 4. Nc3 Nf6 5. Bg5 Be7 6. e3 O-O 7. Bd3 c6 8. Nge2 Nbd7 9. O-O Re8 10. Qc2 Nf8 11. Rab1 Ne4 12. Bxe7 Qxe7 13. Bxe4 dxe4 14. b4 a6 15. a4 Ng6 16. b5 axb5 17. axb5 f5 18. Na4 Bd7 19. Nb6 Rad8 20. Nxd7 Qxd7 21. bxc6 bxc6 22. Rfc1 Rc8 23. Rb6 Ne7 24. Rb4 Red8 25. h4 g6 26. Rc4 Kg7 27. Nf4 Kg8 28. Rc5 Qd6 29. Qc4+ Kh8 30. Ne6 Re8 31. d5 Rg8 32. Qd4+ 1-0

[Event "58th Akiba Rubinstein B 2022"]
[Site "Polanica-Zdroj"]
[Date "2022.08.13"]
[Round "1.13"]
[White "Uliasz, Katarzyna"]
[Black "Sypien, Natan"]
[Result "0-1"]
[ECO "A06"]
[WhiteElo "1566"]
[BlackElo "1780"]
[Annotator "NA RC COMBH"]
[PlyCount "110"]
[EventDate "2022.08.13"]
[EventCountry "POL"]
[SourceTitle "playchess.com"]
[Source "ChessBase"]
[SourceQuality "1"]
[TimeControl "40/5400+30:1800+30"]

1. Nf3 d5 2. g3 Nf6 3. Bg2 c6 4. O-O Bf5 5. d3 e6 6. Nc3 h6 7. Nd2 Bg4 8. Qe1 Nbd7 9. e4 dxe4 10. dxe4 e5 11. Nc4 Bc5 12. Be3 Qe7 13. f3 Be6 14. Bxc5 Qxc5+ 15. Ne3 b5 16. Kh1 Nb6 17. b3 b4 18. Ncd1 O-O 19. Nf2 a5 20. Nd3 Qb5 21. c4 bxc3 22. Qxc3 Nfd7 23. Rfc1 a4 24. Bf1 axb3 25. axb3 Qxb3 26. Rxa8 Rxa8 27. Qxb3 Bxb3 28. Rxc6 Rc8 29. Rxc8+ Nxc8 30. Nb4 Kf8 31. Bc4 Bxc4 32. Nxc4 f6 33. Nd5 Ne7 34. Nxe7 Kxe7 35. Ne3 g6 36. Kg2 Ke6 37. g4 Nc5 38. Nc4 Nd3 39. Ne3 Nf4+ 40. Kf2 Kd6 41. Ng2 Nxg2 42. Kxg2 Kc5 43. Kf2 Kd4 44. Ke2 Kc4 45. Ke3 Kc3 46. f4 g5 47. fxe5 fxe5 48. Ke2 Kd4 49. Kf3 Kd3 50. h3 Kd4 51. Kg3 Kxe4 52. h4 Kd3 53. hxg5 hxg5 54. Kf2 e4 55. Ke1 Ke3 0-1

[Event "58th Akiba Rubinstein B 2022"]
[Site "Polanica-Zdroj"]
[Date "2022.08.13"]
[Round "1.14"]
[White "Nowak, Roksana"]
[Black "Szuber, Dawid"]
[Result "0-1"]
[ECO "B32"]
[WhiteElo "1779"]
[BlackElo "1484"]
[Annotator "NA RC COMBH"]
[PlyCount "76"]
[EventDate "2022.08.13"]
[EventCountry "POL"]
[SourceTitle "playchess.com"]
[Source "ChessBase"]
[SourceQuality "1"]
[TimeControl "40/5400+30:1800+30"]

1. e4 c5 2. Nf3 Nc6 3. d4 cxd4 4. Nxd4 e5 5. Nb5 a6 6. Nd6+ Bxd6 7. Qxd6 Qe7 8. Qd3 d6 9. Nc3 Nf6 10. Bg5 Be6 11. a3 Rd8 12. Be2 h6 13. Bxf6 Qxf6 14. Nd5 Bxd5 15. exd5 Nd4 16. O-O Nxe2+ 17. Qxe2 O-O 18. c3 Rc8 19. Rad1 Qg5 20. Rd3 f5 21. f4 Qf6 22. fxe5 dxe5 23. Kh1 Qd6 24. Qh5 Rc5 25. Rfd1 b5 26. h3 Rc7 27. Rg3 Kh7 28. Rf3 e4 29. Re3 Rc5 30. Ree1 Rxd5 31. Rxd5 Qxd5 32. Rd1 Qe6 33. Rd4 f4 34. Qe2 f3 35. gxf3 Qxh3+ 36. Kg1 Qg3+ 37. Qg2 Qe1+ 38. Kh2 Rxf3 0-1